Map: [TLMC TM3] Hexagone

Players

jeannysu

  • Race: Zerg Zerg
  • Spawn Location: 5:00

프로브

  • Race: Terran Terran
  • Spawn Location: 5:00

치터 칸 (가장 어려움) - Winner!

  • Race: Protoss Protoss
  • Spawn Location: 11:00

치터 칸 (가장 어려움) - Winner!

  • Race: Zerg Zerg
  • Spawn Location: 11:00

VOD

Have the link to the VOD?

Description

Time

  • Played on: Oct. 4, 2025, 8:59 a.m.
  • Length: 11:00
Show
View Real Time Build Order
Export as new Build Order

jeannysu Zerg 

Build Orders: Hatch First 

Get SALT Encoding   

  12  0:00  Drone  
  13  0:08  Drone  
  14  0:14  Extractor, Drone  
  15  0:22  Overlord  
  15  0:40  Drone x2  
  17  0:54  Hatchery  
  17  0:55  Drone  
  17  0:58  Drone  
  18  1:09  Extractor  
  17  1:15  Spawning Pool  
  16  1:19  Drone  
  16  1:20  Drone  
  18  1:26  Drone  
  19  1:44  Drone  
  20  1:48  Overlord  
  20  2:08  Queen x2  
  20  2:09  Zergling x2  
  20  2:10  Zergling x4  
  20  2:14  Metabolic Boost  
  27  2:19  Drone  
  27  2:21  Drone  
  29  2:27  Drone  
  30  2:34  Drone  
  31  2:37  Overlord  
  31  2:55  Overlord  
  31  2:56  Drone  
  31  2:57  Drone  
  33  3:01  Zergling x2  
  34  3:08  Queen  
  34  3:09  Queen  
  38  3:25  Hatchery, Zergling x2  
  39  3:27  Baneling Nest, Zergling x2  
  39  3:29  Zergling x2  
  39  3:43  Roach Warren  
  38  3:49  Zergling x4  
  38  3:50  Zergling x6  
  43  3:58  Drone x4  
  43  4:00  Drone  
  48  4:20  Baneling x2  
  48  4:21  Baneling  
  46  4:41  Drone  
  46  4:42  Drone x2  
  46  4:43  Overlord  
  49  4:51  Extractor  
  49  4:52  Extractor  
  47  4:55  Queen  
  49  5:03  Drone x4  
  49  5:07  Drone x4  
  54  5:12  Overlord x2  
  54  5:13  Overlord  
  57  5:30  Zergling x16  
  57  5:32  Hatchery  
  64  5:36  Drone  
  65  5:44  Extractor  
  65  5:47  Drone x4  
  68  5:58  Drone x4  
  68  6:02  Drone x3  
  76  6:04  Drone x4  
  76  6:05  Drone  
  76  6:06  Lair  
  81  6:23  Overlord  
  81  6:24  Overlord x3  
  81  6:26  Baneling  
  81  6:27  Baneling x2  
  81  6:32  Hatchery  
  80  6:36  Drone  
  80  6:38  Overlord  
  80  6:39  Overlord x3  
  81  7:04  Zergling x2  
  81  7:05  Zergling x22  
  81  7:06  Zergling x8  
  81  7:08  Baneling x6  
  97  7:09  Baneling x6  
  97  7:15  Evolution Chamber  
  97  7:17  Evolution Chamber  
  95  7:36  Infestation Pit  
  94  7:38  Hydralisk Den  
  94  7:42  Drone x3  
  94  7:43  Drone x10  
  94  7:44  Queen  
  106  7:45  Drone  
  106  7:48  Zergling x2  
  106  7:49  Zergling x12  
  116  7:55  Zerg Ground Armor Level 1  
  116  8:03  Zergling x2  
  116  8:04  Zergling x12  
  123  8:07  Drone  
  123  8:08  Drone  
  123  8:09  Drone  
  126  8:15  Lurker Den  
  125  8:24  Drone x4  
  125  8:25  Drone  
  125  8:26  Zergling x10  
  135  8:29  Baneling x6  
  135  8:38  Centrifugal Hooks  
  135  8:55  Extractor x2  
  133  9:09  Zergling x2  
  135  9:10  Zergling x34  
  151  9:18  Hive  
  150  9:34  Infestor  
  152  9:46  Overlord x4  
  152  9:47  Overlord x6  
  152  9:48  Overlord x8  
  152  9:52  Pneumatized Carapace  
  152  10:05  Overseer  
  152  10:17  Infestor x4  
  160  10:26  Drone x3  
  160  10:27  Hydralisk, Drone x3  
  160  10:28  Hydralisk x3  
  174  10:42  Zergling x2  
Show
View Real Time Build Order
Export as new Build Order

프로브 Terran 

Build Orders:  

Get SALT Encoding   

  12  0:00  SCV  
  13  0:12  SCV  
  14  0:17  Supply Depot  
  14  0:24  SCV  
  15  0:38  SCV  
  15  0:40  Barracks  
  16  0:50  SCV  
  16  0:51  Refinery  
  16  0:54  Refinery  
  17  1:03  SCV  
  18  1:15  SCV  
  19  1:28  Orbital Command, Marine  
  20  1:41  Factory  
  20  1:47  Marine  
  20  1:53  SCV, Supply Depot  
  22  2:06  SCV  
  23  2:12  Barracks Reactor  
  23  2:27  Command Center  
  23  2:29  SCV  
  24  2:34  Starport  
  24  2:39  Factory Tech Lab  
  24  2:42  SCV  
  25  2:46  Supply Depot  
  25  2:57  SCV  
  26  3:07  Siege Tank  
  26  3:09  SCV  
  26  3:11  Starport Tech Lab  
  30  3:19  Marine  
  30  3:20  Marine  
  30  3:23  SCV  
  33  3:30  Fusion Core  
  33  3:39  SCV  
  34  3:42  Marine x2  
  36  3:49  Orbital Command  
  36  3:51  SCV  
  37  4:00  Supply Depot  
  37  4:02  Marine x2  
  37  4:03  SCV  
  40  4:15  SCV  
  41  4:26  Battlecruiser  
  41  4:30  SCV x2  
  49  4:34  Refinery  
  49  4:35  Refinery  
  49  4:42  SCV x2  
  49  4:45  Barracks  
  51  4:48  Barracks  
  51  4:49  Marine x2  
  53  4:54  Weapon Refit  
  53  4:59  SCV x2  
  55  5:07  Marine x2  
  57  5:16  Supply Depot  
  57  5:20  Supply Depot  
  57  5:25  Marine x2, SCV x2  
  61  5:37  SCV  
  61  5:38  Battlecruiser  
  68  5:43  Supply Depot  
  68  5:55  SCV  
  68  5:56  SCV  
  64  5:59  Barracks Tech Lab, Barracks Reactor  
  64  6:07  SCV  
  64  6:08  SCV  
  66  6:12  Marine x2  
  66  6:15  Siege Tank  
  71  6:19  SCV  
  71  6:20  Supply Depot, SCV  
  71  6:23  Stimpack  
  73  6:29  Command Center  
  73  6:32  SCV x2  
  75  6:38  Marine x3  
  78  6:42  Battlecruiser  
  78  6:44  Starport  
  84  6:54  Marine x2  
  84  6:56  Marine x2  
  84  6:57  Siege Tank  
  91  7:26  SCV  
  91  7:27  Starport Reactor, SCV  
  93  7:36  Barracks  
  93  7:37  Barracks  
  93  7:38  Marine  
  93  7:41  Marine x3, Supply Depot  
  93  7:43  Orbital Command  
  97  7:45  SCV x2  
  97  7:50  Battlecruiser  
  105  7:57  SCV x2  
  105  7:58  Siege Tank  
  110  8:09  SCV  
  111  8:15  Marine x3  
  111  8:16  Marine x2  
  116  8:31  SCV x3  
  119  8:43  Marine x4, SCV x2  
  119  8:44  Marine  
  119  8:47  Barracks Tech Lab x2  
  126  8:49  Barracks x2  
  126  8:54  Barracks  
  126  9:00  Refinery  
  126  9:01  Refinery  
  126  9:04  Siege Tank  
  126  9:06  Marauder  
  126  9:07  Marauder  
  127  9:29  Medivac x3  
  133  9:35  Engineering Bay x2  
  133  9:38  Supply Depot  
  133  9:41  Armory  
  133  9:44  Supply Depot x2  
  133  9:59  SCV x3, Siege Tank  
  139  10:00  Command Center, Supply Depot  
  139  10:11  SCV  
  140  10:21  Factory x2  
  140  10:24  Factory  
  140  10:27  Medivac x2  
  144  10:29  Marauder x3  
  144  10:32  Barracks Tech Lab  
  144  10:34  Barracks Tech Lab  
Show
View Real Time Build Order
Export as new Build Order

치터 칸 (가장 어려움) Protoss - Winner!

Build Orders:  

Get SALT Encoding   

  12  0:01  Probe  
  13  0:13  Probe  
  14  0:19  Pylon  
  14  0:25  Probe  
  15  0:33  Probe  
  15  0:41  Probe  
  15  0:42  Assimilator  
  16  0:46  Gateway  
  17  0:51  Probe  
  17  0:53  Pylon  
  18  0:59  Probe  
  19  1:07  Probe  
  19  1:17  Probe  
  21  1:30  Probe  
  22  1:34  Zealot  
  22  1:35  Cybernetics Core  
  24  1:42  Probe  
  24  1:44  Pylon  
  25  1:54  Probe  
  26  1:55  Gateway  
  26  1:56  Assimilator  
  26  2:01  Warp Gate  
  26  2:02  Probe  
  27  2:08  Stalker  
  27  2:10  Probe  
  30  2:20  Probe  
  31  2:32  Probe  
  31  2:33  Pylon  
  31  2:34  Robotics Facility  
  31  2:35  Stalker  
  32  2:41  Adept  
  36  2:44  Probe  
  37  2:55  Gateway  
  37  2:56  Probe  
  38  3:05  Adept  
  38  3:08  Probe  
  38  3:11  Adept  
  43  3:16  Forge  
  43  3:21  Probe  
  44  3:33  Probe  
  45  3:35  Adept  
  47  3:42  Pylon  
  47  3:46  Gateway  
  47  3:52  Photon Cannon  
  47  3:54  Photon Cannon  
  47  3:58  Observer  
  47  4:00  Probe, Adept  
  51  4:05  Robotics Facility  
  51  4:12  Probe  
  51  4:16  Pylon  
  52  4:24  Probe  
  52  4:27  Pylon  
  53  4:34  Adept  
  53  4:35  Stalker  
  53  4:36  Probe  
  58  4:48  Probe  
  59  4:53  Pylon  
  59  5:00  Probe  
  60  5:11  Pylon, Zealot  
  60  5:13  Probe, Robotics Facility  
  63  5:25  Probe  
  63  5:27  Protoss Ground Weapons Level 1  
  64  5:30  Zealot x3  
  64  5:34  Pylon  
  70  5:37  Probe  
  71  5:44  Stalker  
  71  5:49  Probe  
  74  5:52  Zealot, Sentry  
  74  5:54  Stalker  
  80  6:01  Probe  
  80  6:02  Pylon  
  80  6:03  Nexus  
  81  6:07  Stalker  
  83  6:12  Zealot  
  83  6:13  Probe  
  83  6:15  Stalker  
  83  6:17  Sentry  
  90  6:29  Pylon  
  90  6:30  Zealot  
  92  6:33  Stalker  
  92  6:38  Stalker  
  96  6:40  Zealot  
  98  6:48  Immortal  
  98  6:50  Zealot  
  104  6:56  Photon Cannon, Zealot  
  104  6:59  Pylon  
  104  7:00  Stalker  
  104  7:01  Zealot  
  110  7:14  Zealot  
  112  7:16  Zealot  
  112  7:20  Protoss Ground Armor Level 1  
  112  7:21  Zealot  
  116  7:23  Zealot  
  116  7:31  Assimilator  
  116  7:34  Stalker  
  116  7:35  Pylon  
  116  7:36  Zealot  
  120  7:41  Zealot  
  120  7:43  Zealot  
  124  7:51  Pylon, Nexus  
  124  7:54  Immortal  
  124  7:55  Assimilator  
  124  7:56  Zealot, Forge  
  130  7:59  Immortal  
  130  8:02  Immortal  
  138  8:09  Stalker  
  138  8:11  Pylon  
  140  8:13  Stalker  
  140  8:16  Sentry  
  144  8:32  Pylon  
  144  8:33  Immortal  
  148  8:41  Stalker  
  148  8:47  Immortal  
  152  8:48  Immortal  
  156  8:59  Probe  
  156  9:01  Pylon  
  156  9:03  Probe x2  
  156  9:04  Twilight Council  
  156  9:07  Probe  
  156  9:08  Stalker  
  161  9:12  Observer  
  164  9:17  Probe x2  
  164  9:20  Warp Prism  
  165  9:25  Warp Prism  
  165  9:26  Probe  
  165  9:29  Probe  
  165  9:30  Observer  
  172  9:39  Nexus  
  172  9:48  Templar Archives  
  172  9:50  Pylon  
  172  9:55  Immortal  
  172  10:01  Immortal  
  172  10:08  Probe x2  
  172  10:14  Assimilator  
  178  10:18  Pylon  
  178  10:22  Gateway  
  178  10:24  High Templar x2  
  178  10:25  Robotics Bay  
  182  10:28  Stargate  
  182  10:30  Probe  
  182  10:35  Probe  
  182  10:36  Sentry  
  182  10:38  Zealot  
  182  10:39  Probe, Assimilator  
  178  10:43  Archon  
  178  10:47  Probe  
  178  10:48  Forge  
  154  10:52  Pylon  
  154  10:57  Zealot x2  
  154  10:58  Zealot  
  154  10:59  High Templar  
Show
View Real Time Build Order
Export as new Build Order

치터 칸 (가장 어려움) Zerg - Winner!

Build Orders: Pool First 

Get SALT Encoding   

  12  0:01  Drone  
  13  0:11  Overlord  
  13  0:16  Drone  
  14  0:29  Drone x2  
  14  0:33  Drone  
  17  0:41  Spawning Pool  
  16  0:43  Drone  
  17  0:59  Hatchery  
  17  1:02  Drone  
  17  1:05  Extractor  
  17  1:06  Extractor  
  17  1:07  Drone  
  16  1:16  Drone  
  17  1:26  Drone  
  18  1:35  Queen  
  18  1:37  Drone  
  21  1:47  Overlord  
  21  1:58  Zergling x2  
  22  2:09  Drone  
  22  2:10  Drone  
  22  2:11  Queen  
  26  2:18  Roach Warren  
  26  2:20  Drone  
  26  2:21  Drone  
  27  2:31  Drone  
  27  2:32  Drone  
  29  2:41  Drone  
  29  2:42  Zergling x2  
  31  2:52  Zergling x2  
  31  2:53  Overlord  
  31  2:54  Drone x2  
  34  3:01  Lair  
  34  3:03  Roach  
  34  3:04  Overlord  
  36  3:13  Spore Crawler  
  36  3:14  Drone  
  36  3:15  Roach  
  36  3:16  Spore Crawler  
  36  3:18  Roach x2, Drone  
  42  3:23  Queen  
  44  3:27  Overlord  
  44  3:29  Zergling x2  
  44  3:31  Zergling x2  
  44  3:33  Zergling x2  
  47  3:35  Drone  
  47  3:36  Drone  
  49  3:45  Drone  
  49  3:47  Drone  
  51  3:49  Drone  
  51  3:50  Roach x2  
  51  3:51  Overlord  
  56  3:56  Drone  
  56  3:58  Drone  
  56  4:00  Infestation Pit, Drone  
  56  4:01  Drone  
  59  4:08  Drone  
  59  4:09  Overlord  
  60  4:12  Overseer  
  60  4:19  Overlord, Roach  
  60  4:20  Overlord, Roach  
  64  4:35  Overlord  
  64  4:36  Infestor  
  64  4:37  Infestor x3  
  72  4:41  Overlord  
  72  4:47  Infestor  
  72  4:48  Roach x3  
  80  4:53  Infestor, Roach x3  
  80  4:59  Roach  
  90  5:03  Extractor  
  90  5:04  Drone  
  90  5:10  Hydralisk Den, Drone  
  90  5:13  Extractor  
  89  5:14  Drone  
  89  5:17  Drone x2  
  89  5:18  Hatchery, Drone  
  89  5:20  Baneling Nest, Drone  
  92  5:25  Drone  
  92  5:26  Overlord, Drone x2  
  95  5:33  Metabolic Boost, Drone  
  96  5:37  Drone  
  97  5:43  Evolution Chamber, Drone  
  97  5:45  Hydralisk x2  
  97  5:46  Drone  
  97  5:48  Evolution Chamber, Hydralisk  
  103  5:54  Overlord  
  103  5:57  Hydralisk, Drone  
  103  5:58  Drone  
  103  5:59  Drone  
  108  6:04  Baneling x2  
  108  6:05  Evolution Chamber, Baneling x2  
  108  6:06  Baneling, Drone  
  108  6:08  Baneling  
  108  6:09  Baneling  
  108  6:10  Baneling, Drone  
  108  6:11  Zerg Melee Weapons Level 1  
  109  6:12  Baneling  
  109  6:13  Hydralisk  
  109  6:14  Zergling x2, Baneling, Drone  
  109  6:15  Zerg Missile Weapons Level 1  
  109  6:17  Zergling x2  
  114  6:18  Baneling  
  114  6:20  Baneling  
  114  6:22  Overlord  
  114  6:27  Centrifugal Hooks  
  114  6:28  Hydralisk, Zergling x2  
  114  6:29  Drone x2  
  119  6:33  Drone  
  119  6:39  Drone  
  121  6:40  Drone  
  121  6:41  Zerg Ground Armor Level 1, Baneling x2  
  121  6:42  Overlord, Extractor  
  121  6:43  Zergling x2, Drone  
  121  6:44  Extractor, Drone  
  123  6:48  Ravager  
  123  6:50  Hatchery, Baneling x2, Drone  
  123  6:51  Drone  
  123  6:54  Ravager  
  126  6:55  Drone  
  126  7:00  Zergling x2, Baneling x2, Drone  
  126  7:01  Overlord, Zergling x2  
  130  7:02  Drone  
  130  7:06  Drone  
  130  7:07  Baneling x2  
  132  7:08  Neural Parasite  
  132  7:11  Drone, Hydralisk, Zergling x2  
  132  7:12  Zergling x2, Drone  
  132  7:13  Spine Crawler  
  132  7:14  Hatchery  
  136  7:17  Drone  
  137  7:23  Overlord, Glial Reconstitution, Drone  
  137  7:25  Pneumatized Carapace  
  137  7:28  Burrow, Drone  
  139  7:31  Zergling x4  
  139  7:32  Spine Crawler, Zergling x2  
  139  7:34  Zergling x2  
  139  7:35  Zergling x2  
  139  7:36  Lurker Den  
  142  7:39  Drone  
  142  7:40  Hydralisk, Drone x2  
  147  7:44  Overlord  
  147  7:45  Drone  
  147  7:47  Overseer  
  147  7:49  Overseer  
  149  7:51  Drone  
  149  7:54  Queen  
  149  7:55  Drone  
  149  7:56  Drone  
  149  7:57  Spire  
  152  8:01  Drone  
  152  8:03  Overlord, Hydralisk  
  152  8:04  Hydralisk  
  152  8:05  Hydralisk  
  157  8:09  Hive, Drone x2  
  157  8:10  Drone x2  
  157  8:11  Zerg Melee Weapons Level 2  
  163  8:14  Drone  
  163  8:15  Zerg Missile Weapons Level 2  
  163  8:17  Drone  
  163  8:19  Spore Crawler, Drone  
  165  8:20  Hatchery  
  165  8:25  Overlord  
  162  8:27  Drone  
  162  8:30  Drone  
  162  8:31  Spore Crawler  
  163  8:35  Zergling x2  
  163  8:36  Drone  
  163  8:37  Drone  
  163  8:39  Zerg Ground Armor Level 2  
  166  8:42  Tunneling Claws  
  166  8:43  Spine Crawler, Drone  
  166  8:44  Overlord  
  166  8:45  Hydralisk, Drone  
  166  8:46  Queen  
  166  8:47  Roach  
  173  8:48  Spine Crawler  
  173  8:50  Drone  
  173  8:52  Spine Crawler  
  173  8:53  Drone  
  173  8:57  Lurker  
  173  8:59  Ravager  
  173  9:00  Spine Crawler  
  173  9:02  Drone  
  175  9:03  Overlord, Spore Crawler  
  175  9:04  Hydralisk, Drone  
  175  9:07  Spine Crawler  
  175  9:08  Corruptor  
  175  9:09  Hydralisk, Drone  
  177  9:12  Spore Crawler  
  177  9:13  Drone  
  177  9:14  Lurker  
  177  9:15  Hydralisk  
  182  9:21  Overlord, Ravager, Corruptor  
  182  9:22  Viper  
  182  9:23  Adrenal Glands  
  188  9:24  Corruptor  
  188  9:28  Spore Crawler, Corruptor  
  191  9:31  Drone  
  191  9:32  Spore Crawler  
  191  9:33  Drone  
  191  9:36  Spore Crawler, Viper  
  191  9:37  Roach, Drone  
  191  9:38  Roach  
  199  9:45  Extractor  
  198  9:46  Drone  
  198  9:49  Drone, Spine Crawler  
  198  9:50  Drone  
  199  9:55  Roach, Spine Crawler  
  199  9:58  Drone  
  200  10:01  Spore Crawler, Drone  
  200  10:02  Drone x2  
  200  10:03  Drone x2  
  200  10:14  Hatchery, Drone  
  200  10:18  Roach  
  200  10:26  Roach  
  200  10:31  Hatchery  
  200  10:32  Drone  
  200  10:33  Drone  
  200  10:34  Zergling x4  
  200  10:35  Spore Crawler, Baneling, Drone  
  198  10:36  Extractor, Zergling x2  
  198  10:37  Baneling x2  
  198  10:38  Zergling x2, Drone  
  198  10:39  Baneling  
  198  10:40  Baneling, Zergling x2  
  198  10:41  Baneling  
  197  10:43  Spine Crawler  
  197  10:44  Drone  
Tags
 
Add a new tag
Caveats
  • Supply blocks, unpowered buildings, or Contaminate may cause inaccurate times.
  • Supply counts are checked every 10 seconds.